 Dungeon Crawl Stone Soup version 0.31-a0-618-g7ca08c1ff9 (webtiles) character file.

Game seed: 14141839583320193258

77 spiderkeys the Insei (level 4, -3/29 HPs)
             Began as an Octopode Shapeshifter on Aug 22, 2023.
             Slain by Grinder (6 damage)
             ... on level 3 of the Dungeon.
             The game lasted 00:03:19 (1905 turns).

spiderkeys the Insei (Octopode Shapeshifter)        Turns: 1905, Time: 00:03:19

Health: -3/29      AC:  1    Str: 14    XL:     4   Next: 33%
Magic:  4/4        EV: 13    Int: 10    God:
Gold:   122        SH:  0    Dex: 14    Spells: 3/3 levels left

rFire   . . .        h - +1 dagger (venom)
rCold   . . .        (no shield)
rNeg    . . .        (helmet currently unavailable)
rPois   .            (no amulet)
rElec   .            (no ring)
rCorr   .            (no ring)
SInv    .            (no ring)
Will    .....        (no ring)
Stlth   ++           (no ring)
HPRegen 0.24/turn    (no ring)
MPRegen 0.09/turn    (no ring)
                     (no ring)

%: no passive effects
@: beast-form
A: beast (slay +1), almost no armour, amphibious, 8 rings, camouflage 1,
gelatinous body 1, (nimble swimmer 1), tentacles
a: Begin Untransformation


You were on level 3 of the Dungeon.
You were a hulking beast.
You visited 1 branch of the dungeon, and saw 3 of its levels.

You collected 122 gold pieces.


Innate Abilities, Weirdness & Mutations

You are a hulking beast.
Your limbs bulge with bestial killing power. (Slay +1)
You cannot wear most types of armour.
You are amphibious.
You can wear up to eight rings at the same time.
Your skin changes colour to match your surroundings (Stealth+).
Your rubbery body absorbs attacks. (AC +1, EV +1)
((You are camouflaged when in or above water. (Stealth+)))
You have tentacles for arms and can constrict up to eight enemies at once.


   Skills:
 + Level 2.2 Fighting
 + Level 2.7 Dodging
 + Level 3.5 Unarmed Combat
 + Level 3.4 Shapeshifting


You had 3 spell levels left.
You didn't know any spells.
Your spell library was empty.

Inventory:

Hand Weapons
 h - a +1 dagger of venom (weapon)
   (You took it off a goblin on level 1 of the Dungeon)
Missiles
 g - 47 stones
Magical Staves
 i - a staff of earth {!a}
   (You took it off a goblin on level 1 of the Dungeon)
Talismans
 b - a beast talisman (active)
 c - a flux talisman
 r - a maw talisman
   (You found it on level 3 of the Dungeon)
Wands
 o - a wand of paralysis (9)
   (You found it on level 3 of the Dungeon)
Scrolls
 d - 2 scrolls of vulnerability {unknown}
 f - 2 scrolls of revelation {unknown}
 j - a scroll of amnesia {unknown}
 m - 3 scrolls of identify {unknown}
 p - a scroll of noise {unknown}
 q - a scroll of blinking {unknown}
Potions
 a - 3 potions of lignification {!q}
 e - 3 potions of curing {unknown}
 k - a potion of cancellation {unknown}
 l - 2 potions of ambrosia {unknown}
 n - a potion of brilliance {unknown}

Dungeon Overview and Level Annotations

Branches:
Dungeon (3/15) Zot: 16095

Altars:
Vehumet

Annotations:
D:3 Grinder

##..........# ...............#
..........>....#
...............# ###
.............## #...
..............#
#.........####............#
..... ##................## #.
.... #..5h......##......# ##...
...##.........##......##.. .....
...#...........##......# .....
............##......##.. .....
##........#.#####.#.## #
...######.........#.## #.#.##
...##..>....#....#.#.# ##.#.#
..).#............#.#.#####.#†###
.........##...##......##......#


You could see Grinder.


Message History

No target in view!
No target in view!
Things that are here:
a +0 whip; a kobold corpse
Found a stone staircase leading down.
You now have 104 gold pieces (gained 2).
A bat comes into view.
A bat is nearby!
The bat misses you. The bat hits you but does no damage.
The bat hits you but does no damage. The bat barely misses you.
You hit the bat.
You kill the bat!
No target in view!
p - a scroll labelled AMIPIKL BAWEST
There is a stone staircase leading down here.
q - a scroll labelled XIUDIGG FARIO No target in view!
No target in view!
You open the door.
There is an open door here.
As you open the door, it creaks loudly!
There is an open door here.
You open the door.
Found a radiant altar of Vehumet.
You open the door.
There is an open door here.
There is an open door here.
You open the door.
There is an open door here.
You open the door.
There is an open door here.
g - 41 stones (gained 8)
You open the door.
There is an open door here.
You open the door.
There is an open door here.
You open the door.
There is an open door here.
You open the door.
There is an open door here.
You open the door.
There is an open door here.
As you open the door, it creaks loudly!
You open the door.
There is an open door here.
There is an open door here.
You see here a maw talisman.
r - a maw talisman
There is an open door here.
A worm comes into view.
A worm is nearby!
A worm is nearby!
A worm is nearby!
There is an open door here.
You hit the worm.
The worm is poisoned.
You grab the worm. You constrict the worm. The worm barely misses you.
You hit the worm.
The worm looks as sick as possible!
You constrict the worm. The worm bites you. 😕 HP[-2]
You take 2 damage, and now have 27/29 hp.
You hit the worm.
The worm looks as sick as possible!
You constrict the worm.
A worm is nearby!
You hit the worm. You constrict the worm.
You kill the worm!
No target in view!
Key pressed, stopping explore.
Found a stone staircase leading down.
You now have 114 gold pieces (gained 10).
Key pressed, stopping explore.
You now have 122 gold pieces (gained 8).
A giant cockroach comes into view.
You see here a +0 spear. 😎 HP[+2]
Your hp is fully restored (29).
The helpless giant cockroach fails to defend itself.
You hit the giant cockroach.
The giant cockroach is poisoned.
You grab the giant cockroach.
Your squeeze misses the giant cockroach.
You constrict the giant cockroach.
You kill the giant cockroach!
No target in view!
Found a stone staircase leading down.
g - 47 stones (gained 6) Grinder comes into view.
Grinder gestures at you.
Pain shoots through your body! 😮 HP[-10]
You take 10 damage, and now have 19/29 hp.
MASSIVE DAMAGE!! (PAUSE)
You hit Grinder. You grab Grinder. You squeeze Grinder! You constrict Grinder.
Grinder hits you!
* * * LOW HITPOINT WARNING * * *
😨 HP[-7]
You take 7 damage, and now have 12/29 hp.
MASSIVE DAMAGE!! (PAUSE)
You hit Grinder. You constrict Grinder. Grinder hits you!
* * * LOW HITPOINT WARNING * * *
You writhe in agony.
You die...
Grinder says, "Now the real fun starts!"

Skill      XL: |  1  2  3 |
---------------+----------+-----
Fighting       | 2 |  2.2
Dodging        | |  2.7
Unarmed Combat | |  3.5
Shapeshifting  | |  3.4

Action                     |  1- 3 |  4- 6 || total
---------------------------+-------+-------++-------
  Melee: Dagger            |    49 |    21 ||    70
         Unarmed           |     3 |       ||     3
         Constrict         |    12 |     5 ||    17
         Tentacles         |    10 |     1 ||    11
         Punch             |       |     1 ||     1
   Stab: Sleeping          |     7 |     2 ||     9
 Armour: Skin              |     4 |     2 ||     6
  Dodge: Dodged            |    29 |     8 ||    37

Levels and vault maps discovered:
D:1:      arrival_aquarium_b, layout_rooms, minmay_pentomino_r2
D:2:      layout_loops_corners, minmay_misc_feat_pillars, kennysheep_minor_cross
D:3:      layout_rooms, mainiacjoe_overflow_24_doors,
          nicolae_gozag_seed_capital, nicolae_houndstooth_variations,
          uniq_grinder

Notes
Turn   | Place    | Note
-------+----------+-------------------------------------------
     0 | D:1      | spiderkeys the Octopode Shapeshifter began the quest for
                  | the Orb.
     0 | D:1      | Reached XP level 1. HP: 13/13 MP: 1/1
     0 | D:1      | magus.rc [v1.11.6]
     3 | D:1      | Noticed an electric eel
     4 | D:1      | Noticed an electric eel
   206 | D:1      | Reached XP level 2. HP: 18/18 MP: 2/2
   818 | D:2      | Reached XP level 3. HP: 24/24 MP: 3/3
  1158 | D:2      | Reached skill level 2 in Fighting
  1483 | D:3      | Reached XP level 4. HP: 29/29 MP: 4/4
  1734 | D:3      | Found a radiant altar of Vehumet.
  1900 | D:3      | Noticed Grinder
  1905 | D:3      | HP: 3/29 [Grinder (9)]
  1905 | D:3      | Slain by Grinder

Vanquished Creatures
  3 adders
  2 worms
  A dart slug (D:2)
  5 endoplasms
  4 giant cockroaches
  5 goblins
  5 hobgoblins
  A quokka (D:1)
  A ball python (D:2)
  3 bats
  2 frilled lizards
  4 kobolds
  5 rats
41 creatures vanquished.

Table legend:
 A = Non-vault XP
 B = Vault XP
 C = Vault XP percentage of total XP
 D = Non-vault monster count
 E = Vault monster count
 F = Vault count percentage of total count
                 A         B        C        D         E       F
            +---------+---------+-------+---------+---------+-------
      Total |     107 |       3 |   2.7 |      39 |       2 |   4.9
            +---------+---------+-------+---------+---------+-------
        D:1 |      18 |       3 |  14.3 |      11 |       2 |  15.4
        D:2 |      59 |       0 |   0.0 |      19 |       0 |   0.0
        D:3 |      30 |       0 |   0.0 |       9 |       0 |   0.0
            +---------+---------+-------+---------+---------+-------

Skill      XL: |  1  2  3 |
---------------+----------+-----
Fighting       | 2 |  2.2
Dodging        | |  2.7
Unarmed Combat | |  3.5
Shapeshifting  | |  3.4

Action                     |  1- 3 |  4- 6 || total
---------------------------+-------+-------++-------
  Melee: Dagger            |    49 |    21 ||    70
         Unarmed           |     3 |       ||     3
         Constrict         |    12 |     5 ||    17
         Tentacles         |    10 |     1 ||    11
         Punch             |       |     1 ||     1
   Stab: Sleeping          |     7 |     2 ||     9
 Armour: Skin              |     4 |     2 ||     6
  Dodge: Dodged            |    29 |     8 ||    37

Illustrated notes

Table legend:
 A = Kills in this place as a percentage of kills in the entire game.
 B = Kills by you in this place as a percentage of kills by you in the entire game.
 C = Kills by friends in this place as a percentage of kills by friends in the entire game.
 D = Other kills in this place as a percentage of other kills in the entire game.
 E = Experience gained in this place as a percentage of experience gained in the entire game.
 F = Experience gained in this place divided by the number of levels of this place that you have seen.
                   A       B       C       D       E      F
               +-------+-------+-------+-------+-------+----------------------
         Total | 100.0 | 100.0 |   N/A |   N/A | 100.0 |  36.7
       Dungeon | 100.0 | 100.0 |   N/A |   N/A | 100.0 |  36.7
               +-------+-------+-------+-------+-------+----------------------

Table legend: (Time is in decaauts)
 A = Elapsed time spent in this place.
 B = Non-inter-level travel time spent in this place.
 C = Inter-level travel time spent in this place.
 D = Time resting spent in this place.
 E = Time spent auto-exploring this place.
 F = Levels seen in this place.
 G = Mean time per level.
                   A        B        C        D        E       F      G
               +--------+--------+--------+--------+--------+-----+--------+
         Total |   1903 |   1871 |     32 |      0 |   1585 |   3 |  634.3 |
       Dungeon |   1903 |   1871 |     32 |      0 |   1585 |   3 |  634.3 |
               +--------+--------+--------+--------+--------+-----+--------+

Top non-repeatable levels by time:
     D:2: 968 daAuts
     D:1: 494 daAuts
     D:3: 440 daAuts
